 Dungeon Crawl Stone Soup version 0.28.0-1-gb440e238dd (webtiles) character file.

Game seed: 7408969545593484817

371 serioussanchez the Sneak (level 6, -2/38 HPs)
             Began as an Octopode Transmuter on Feb 23, 2022.
             Was a Priest of Jiyva.
             Slain by a gnoll (7 damage)
             ... on level 4 of the Dungeon.
             The game lasted 00:15:50 (3464 turns).

serioussanchez the Sneak (Octopode Transmuter)      Turns: 3464, Time: 00:15:56

Health: -2/38      AC:  1    Str: 12    XL:     6   Next: 71%
Magic:  10/10      EV: 13    Int: 15    God:    Jiyva [***...]
Gold:   133        SH:  0    Dex: 14    Spells: 7/11 levels left

rFire   . . .      SeeInvis .     - Unarmed
rCold   . . .      Faith    .   (no shield)
rNeg    . . .      Spirit   .   (helmet currently unavailable)
rPois   .          Reflect  .   (no amulet)
rElec   .          Harm     .   a - ring of wizardry
rCorr   +          Rampage  .   (no ring)
Will    .....                   (no ring)
Stlth   ++++......              (no ring)
HPRegen 1.12/turn               (no ring)
MPRegen 0.47/turn               (no ring)
                                (no ring)
                                (no ring)

@: appendages, inhibited regen
A: tentacle spike 3, almost no armour, amphibious, 8 rings, camouflage 1,
gelatinous body 1, (nimble swimmer 1), tentacles, agile 1, deterioration 1,
inhibited regeneration, eyeballs 1, engulf
a: End Transformation, Renounce Religion, Oozemancy


You were on level 4 of the Dungeon.
You worshipped Jiyva.
Jiyva was most pleased with you.
One of your tentacles had grown a beastly spike.
You visited 1 branch of the dungeon, and saw 4 of its levels.

You collected 133 gold pieces.

Inventory:

Jewellery
 a - a ring of wizardry (left tentacle)
Scrolls
 c - a scroll of silence {unknown}
 e - a scroll of fear {unknown}
 f - a scroll of teleportation {unknown}
 h - a scroll of immolation {unknown}
 j - a scroll of enchant weapon {unknown}
Potions
 b - a potion of ambrosia
 d - a potion of might
 g - a potion of attraction


   Skills:
 + Level 1.4 Fighting
 + Level 2.5 Dodging
 * Level 5.8 Stealth
 + Level 4.3 Unarmed Combat
 + Level 3.0 Spellcasting
 + Level 2.9 Transmutations
 + Level 0.3 Poison Magic


You had 7 spell levels left.
You knew the following spells:

 Your Spells              Type           Power      Damage    Failure   Level
a - Beastly Appendage     Tmut           22%        N/A       2%          1
b - Spider Form           Tmut/Pois      7%         N/A       12%         3

Your spell library contained the following spells:

 Spells                   Type           Power      Damage    Failure   Level
 Wereblood                Tmut           11%        N/A       3%          2
 Foxfire                  Conj/Fire      8%         2x1d4     9%          1
 Conjure Flame            Conj/Fire      2%         6-21      24%         3
 Inner Flame              Hex/Fire       2%         N/A       24%         3
 Ice Form                 Ice/Tmut       6%         N/A       38%         4
 Flame Wave               Conj/Fire      2%         2d4       58%         4


Dungeon Overview and Level Annotations

Branches:
Dungeon (4/15)
 Temple: D:4-7

Altars:
Dithmenos
Elyvilon
Fedhas
Hepliaklqana
Jiyva

Annotations:
D:4 1 runed translucent door, pkoi's ghost, amateur DrIE


Innate Abilities, Weirdness & Mutations

One of your tentacles has grown a beastly spike.
You cannot wear most types of armour.
You are amphibious.
You can wear up to eight rings at the same time.
Your skin changes colour to match your surroundings (Stealth+).
Your rubbery body absorbs attacks. (AC +1, EV +1)
((You are camouflaged when in or above water. (Stealth+)))
You have tentacles for arms and can constrict up to eight enemies at once.
You are agile. (Dex +2)
Your body sometimes deteriorates upon taking damage.
You do not regenerate when monsters are visible.
Your body has grown eyes which may confuse attackers. (Acc +3)
Your melee attacks may engulf your foes in ooze.


Message History

The jelly is attracted toward you. The jelly is attracted toward you.
The jelly is attracted toward you. The jelly is attracted toward you.
The jelly is attracted toward you.
You feel less attractive to monsters.
Found 13 stones.
Found a scroll labelled RUIK YNWAO.
A gnoll comes into view. It is wielding a +2 flail of draining.
You hear a distant slurping noise.
A gnoll and an adder skeleton come into view.
A gnoll comes into view. It is wielding a +0 halberd.
Found two stone staircases leading down.
A gnoll comes into view. It is wielding a +0 club.
You see here 13 stones.
Things that are here:
a scroll labelled RUIK YNWAO; a +0 scale mail
j - a scroll labelled RUIK YNWAO The gnoll hits you from afar with a +0 halberd!
The gnoll shouts! x2
Casting: Beastly Appendage (safe; 2% risk of failure)
Confirm with . or Enter, or press ? or * to list all spells.
One of your tentacles grows a vicious spike.
The gnoll hits you with a +0 club. The gnoll misses you.
You barely miss the gnoll. You grab the gnoll.
You pierce the gnoll.
The gnoll is heavily wounded.
You constrict the gnoll. The gnoll hits you with a +0 club.
The gnoll hits you from afar with a +0 halberd!
* * * LOW HITPOINT WARNING * * *
An adder skeleton comes into view.
Okay, then.
Okay, then.
Okay, then.
Okay, then.
It was a potion of mutation.
You feel extremely strange.
The eyeballs on your body recede somewhat.
Your magical essence no longer links to wands of the dungeon.
Your regeneration stops near monsters.
You feel yourself wasting away.
You feel agile.
You constrict the gnoll. The gnoll hits you with a +0 club!
You die...

#..##..#.#####
#..#..##..))).
#....##.###### #...##..#
#### #####...# #...
###########......####...
........................
......gg........#####...
...>..g@......#.###.^.<.
Z.#..g........#.....#...
#.....(.....#####.#...
...>....................
.###..........#.......##
##............###.###
#.#...........##..#
...#...#..#.##.###.##
#####......#.##.# #...


You could see 4 gnolls and an adder skeleton.

Vanquished Creatures
  A scorpion (D:3)
  A scorpion zombie (D:4)
  An iguana (D:4)
  2 orc wizards (D:4)
  7 gnolls
  An adder (D:3)
  An ufetubus (D:4)
  An adder skeleton (D:4)
  3 worms (D:2)
  4 dart slugs
  2 orcs (D:4)
  4 ball pythons
  3 endoplasms
  3 giant cockroaches
  5 goblins
  6 hobgoblins
  4 quokkas
  9 bats
  2 frilled lizards
  5 kobolds
  2 rats (D:1)
67 creatures vanquished.

Vanquished Creatures (others)
  Blork the orc (D:4)
  A jelly (D:4)
  A killer bee zombie (D:3)
  2 endoplasms (D:4)
  3 plants (D:4)
8 creatures vanquished.

Grand Total: 75 creatures vanquished

Notes
Turn   | Place    | Note
-------+----------+-------------------------------------------
     0 | D:1      | serioussanchez the Octopode Transmuter began the quest for
                  | the Orb.
     0 | D:1      | Reached XP level 1. HP: 13/13 MP: 3/3
   246 | D:1      | Reached skill level 1 in Stealth
   246 | D:1      | Reached XP level 2. HP: 12/18 MP: 5/5
   875 | D:2      | Reached XP level 3. HP: 20/23 MP: 6/6
  1166 | D:2      | Reached skill level 2 in Stealth
  2061 | D:3      | Reached XP level 4. HP: 15/28 MP: 7/7
  2212 | D:3      | Noticed a scorpion
  2315 | D:3      | Found a faded altar of an unknown god.
  2347 | D:3      | Prayed at the altar of an unknown god.
  2347 | D:3      | Became a worshipper of Jiyva Joyphani the Shapeless
  2347 | D:3      | Reached * piety under Jiyva
  2375 | D:3      | Noticed a shadow
  2377 | D:3      | Found a shadowy altar of Dithmenos.
  2382 | D:3      | Found a hazy altar of Hepliaklqana.
  2456 | D:3      | Learned a level 3 spell: Spider Form
  2662 | D:3      | Reached ** piety under Jiyva
  3002 | D:3      | Killed a scorpion
  3003 | D:3      | Reached skill level 3 in Stealth
  3003 | D:3      | Reached XP level 5. HP: 20/33 MP: 7/9
  3047 | D:3      | Reached skill level 4 in Stealth
  3238 | D:4      | Reached XP level 6. HP: 23/38 MP: 10/10
  3288 | D:4      | Reached skill level 5 in Stealth
  3318 | D:4      | Found a runed translucent door.
  3318 | D:4      | Noticed pkoi's ghost (amateur DrIE)
  3392 | D:4      | Reached *** piety under Jiyva
  3399 | D:4      | Found a blossoming altar of Fedhas.
  3402 | D:4      | Found a white marble altar of Elyvilon.
  3410 | D:4      | Noticed Blork the orc
  3416 | D:4      | Gained mutation: You expend magic power (3 MP) to
                  | strengthen your wands. [Jiyva's grace]
  3416 | D:4      | Gained mutation: Your melee attacks may engulf your foes in
                  | ooze. [Jiyva's grace]
  3416 | D:4      | Gained mutation: Your body has grown eyes which may confuse
                  | attackers. (Acc +3) [Jiyva's grace]
  3416 | D:4      | Gained mutation: Your body has grown many eyes which may
                  | confuse attackers. (Acc +5) [Jiyva's grace]
  3423 | D:4      | Killed Blork the orc
  3464 | D:4      | Lost mutation: Your body has grown many eyes which may
                  | confuse attackers. (Acc +5) [potion of mutation]
  3464 | D:4      | Lost mutation: You expend magic power (3 MP) to strengthen
                  | your wands. [potion of mutation]
  3464 | D:4      | Gained mutation: You do not regenerate when monsters are
                  | visible. [potion of mutation]
  3464 | D:4      | Gained mutation: Your body sometimes deteriorates upon
                  | taking damage. [potion of mutation]
  3464 | D:4      | Gained mutation: You are agile. (Dex +2) [potion of
                  | mutation]
  3464 | D:4      | Slain by a gnoll

Illustrated notes

Levels and vault maps discovered:
D:1:      elethiomel_arrival_shortcut, layout_basic, minmay_crystal_water
D:2:      layout_loops_ring, serial_glass, glass_columns_c, glass_columns_b,
          glass_columns_b, glass_columns_a, glass_columns_a, glass_columns_a,
          glass_columns_a, glass_columns_c
D:3:      layout_basic, riverfiend_overflow_shadow_ancestor,
          shapermc_ecumenical_altar_starsandcircs, hangedman_decor_push
D:4:      layout_rooms, mainiacjoe_overflow_alcove_2, kennysheep_mini,
          fedhas_altar_decomposition, enter_ossuary_2,
          hellmonk_ghost_happy_afterlife, hangedman_glass_teeth,
          uniq_blork_the_orc

Skill      XL: |  1  2  3  4  5  6 |
---------------+-------------------+-----
Stealth        | 1 2 3 4 5 |  5.8
Unarmed Combat | 4 |  4.3
Spellcasting   | 3 |  3.0
Fighting       | |  1.4
Dodging        | |  2.5
Transmutations | |  2.9
Poison Magic   | |  0.3

Action                   |  1- 3 |  4- 6 || total
-------------------------+-------+-------++-------
Melee: Unarmed           |    81 |    85 ||   166
       Constrict         |    20 |    22 ||    42
       Kick              |    13 |    28 ||    41
       Tentacles         |    14 |    17 ||    31
       Punch             |     3 |       ||     3
 Cast: Beastly Appendage |    17 |    17 ||    34
       Spider Form       |       |     1 ||     1
  Use: Scroll            |       |     2 ||     2
       Potion            |       |     4 ||     4
 Stab: Sleeping          |     4 |     5 ||     9
       Distracted        |     1 |       ||     1
Armor: Skin              |    12 |     6 ||    18
Dodge: Dodged            |    72 |    54 ||   126
